 Dungeon Crawl Stone Soup version 0.27.1-34-g3ba077fa99 (webtiles) character file.

Game seed: 11407800364428498770

14776 iwittbrodt the Carver (level 11, 0/93 HPs)
             Began as a Minotaur Fighter on Jan 26, 2022.
             Was an Elder of Hepliaklqana.
             Slain by a polar bear simulacrum (3 damage)
             ... in an ice cave.
             The game lasted 00:54:55 (14547 turns).

iwittbrodt the Carver (Minotaur Fighter)           Turns: 14547, Time: 00:54:55

Health: 0/93       AC: 15    Str: 25    XL:     11   Next: 93%
Magic:  10/10      EV:  8    Int:  8    God:    Hepliaklqana [****..]
Gold:   183        SH:  0    Dex:  9    Spells: 8/10 levels left

rFire    . . .     SeeInvis +   a - +3 great sword of the Lair of Beasts {vorpal, Will+ SInv}
rCold    . . .     Faith    .   (shield currently unavailable)
rNeg     . . .     Spirit   .   C - +1 chain mail of Grot {+Inv Int+3}
rPois    .         Reflect  .   l - +2 hat {SInv}
rElec    .         Harm     .   (no cloak)
rCorr    .         Rampage  .   N - +0 pair of gloves
Will     +....                  (no boots)
Stlth    ..........             J - amulet of the acrobat
HPRegen  0.25/turn              (no ring)
MPRegen  0.12/turn              (no ring)

@: slowed, studying Throwing, very slow
A: reduced essence, horns 2, retaliatory headbutt
a: Renounce Religion, Evoke Invisibility, Recall Ancestor, Ancestor Identity,
Transference, Idealise


You were in an ice cave.
You worshipped Hepliaklqana.
Hepliaklqana was greatly pleased with you.
You visited 2 branches of the dungeon, and saw 12 of its levels.
You also visited: Ossuary and Ice Cave.

You collected 813 gold pieces.
You spent 630 gold pieces at shops.

Inventory:

Hand Weapons
 a - the +3 great sword of the Lair of Beasts (weapon) {vorpal, Will+ SInv}
   (You bought it in a shop on level 8 of the Dungeon)

   It inflicts extra damage upon your enemies.
   SInv:      It lets you see invisible.
   Will:      It increases your willpower.
 b - a +0 hunting sling
 f - a +1 long sword of flaming
 F - a +4 short sword of freezing
Missiles
 e - 398 stones
 i - 8 boomerangs
 j - 4 throwing nets
 r - 133 sling bullets
 w - 11 poisoned darts
 B - 4 javelins (quivered)
Armour
 c - a +1 kite shield
 h - a +1 ring mail of willpower
 l - a +2 hat of see invisible (worn)
 C - the +1 chain mail of Grot (worn) {+Inv Int+3}
   (You bought it in a shop on level 8 of the Dungeon)

   Int:       It affects your intelligence (+3).
   +Inv:      It lets you turn invisible.
 K - a +0 troll leather armour
 N - a +0 pair of gloves (worn)
Jewellery
 q - a ring of fire
 I - a ring of fire
 J - an amulet of the acrobat (around neck)
Wands
 k - a wand of paralysis (16)
 t - a wand of acid (4)
 y - a wand of iceblast (11)
 D - a wand of mindburst (1)
Scrolls
 g - a scroll of brand weapon
 o - a scroll of enchant weapon
 p - a scroll of silence
 s - 4 scrolls of amnesia
 u - a scroll of teleportation
 v - 4 scrolls of identify
 x - 2 scrolls of immolation
 G - 2 scrolls of enchant armour
 H - 2 scrolls of blinking
 M - 2 scrolls of fear
Potions
 d - a potion of might
 m - 2 potions of flight
 n - 2 potions of lignification
 z - 4 potions of mutation
 A - 2 potions of curing
 E - 2 potions of haste
 L - a potion of brilliance


   Skills:
 + Level 11.8 Fighting
 * Level 13.2 Long Blades
 + Level 9.4 Throwing
 + Level 9.6 Armour
 - Level 9.8 Shields


You had 8 spell levels left.
You knew the following spells:

 Your Spells              Type           Power      Damage    Failure   Level
a - Blink                 Tloc           N/A        N/A       97%         2

Your spell library contained the following spells:

 Spells                   Type           Power      Damage    Failure   Level
 Beastly Appendage        Tmut           0%         N/A       91%         1
 Shock                    Conj/Air       0%         1d3       91%         1
 Passwall                 Tmut/Erth      0%         N/A       97%         2
 Wereblood                Tmut           0%         N/A       97%         2
 Lesser Beckoning         Tloc           0%         N/A       100%        3
 Spider Form              Tmut/Pois      0%         N/A       100%        3
 Swiftness                Air            0%         N/A       100%        3
 Airstrike                Air            0%         N/A       100%        4
 Blade Hands              Tmut           0%         N/A       100%        5
 Freezing Cloud           Conj/Ice/Air   0%         6-21      100%        5
 Irradiate                Conj/Tmut      0%         3d14      100%        5
 Manifold Assault         Tloc           0%         N/A       100%        5
 Summon Forest            Summ/Tloc      0%         N/A       100%        5
 Summon Mana Viper        Hex/Summ       0%         N/A       100%        5
 Invisibility             Hex            0%         N/A       100%        6
 Shadow Creatures         Summ           N/A        N/A       100%        6
 Simulacrum               Ice/Necr       0%         N/A       100%        6
 Dragon Form              Tmut           0%         N/A       100%        7
 Polar Vortex             Ice            0%         N/A       100%        9


Dungeon Overview and Level Annotations

Branches:
Dungeon (11/15)            Temple (1/1) D:5            Lair (0/6) D:9
Ossuary (visited)           IceCv (1/1)
    Orc: D:9-12

Altars:
Ashenzari
Cheibriados
Dithmenos
Elyvilon
Fedhas
Gozag
Hepliaklqana
Kikubaaqudgha
Makhleb
Nemelex Xobeh
Okawaru
Qazlal
Ru
Sif Muna
Trog
Uskayaw
Vehumet
Wu Jian
Xom
Yredelemnul
Zin
The Shining One
Beogh

Shops:
D:8 *

Annotations:
D:6 2 transporters, Herculon's ghost, novice DrTm IceCv 1 transporter


Innate Abilities, Weirdness & Mutations

Your life essence is reduced to manifest your ancestor. (-10% HP)
You have a pair of horns on your head.
You reflexively headbutt those who attack you in melee.


Message History

The polar bear simulacrum bites you. The polar bear simulacrum freezes you!
The polar bear simulacrum closely misses you.
The polar bear simulacrum claws you but does no damage.
Mocky hits the freezing wraith but does no damage.
The freezing wraith hits you. The freezing wraith freezes you!!
The freezing wraith hits you. The freezing wraith drains your vigour!
You feel yourself slow down.
You hit the polar bear simulacrum.
The polar bear simulacrum is lightly damaged.
Mocky closely misses the freezing wraith.
The freezing wraith hits you. The freezing wraith freezes you!
The freezing wraith hits you but does no damage.
The polar bear simulacrum bites you. The polar bear simulacrum freezes you!!
* * * LOW HITPOINT WARNING * * *
The polar bear simulacrum claws you.
* * * LOW HITPOINT WARNING * * *
The polar bear simulacrum freezes you!
* * * LOW HITPOINT WARNING * * *
The polar bear simulacrum claws you but does no damage.
Unknown command.
Okay, then.
Blink to where?
Press: ? - help, Dir - move target
As you read the scroll of blinking, it crumbles to dust.
Mocky barely misses the freezing wraith.
The freezing wraith hits Mocky!
The freezing wraith freezes Mocky!
Mocky resists.
The freezing wraith hits Mocky.
Mocky hits the freezing wraith but does no damage.
The polar bear simulacrum barely misses Mocky.
The polar bear simulacrum claws Mocky.
The polar bear simulacrum freezes Mocky.
Mocky resists.
Mocky is destroyed!
Blink to where?
Press: ? - help, Dir - move target
As you read the scroll of blinking, it crumbles to dust.
The polar bear simulacrum bites you but does no damage.
The polar bear simulacrum claws you.
You die...

####
###...####
#........##
..........##
...........##
#.$..8.......#
#8.(.........#
#©©[$....∩Z@.#
#8.|.....WZ..#
#.?..8.......#
#...........##
#..........##
#.....§..##
###...####
####


You could see a freezing wraith and 2 polar bear simulacra.

Vanquished Creatures
  Gastronok (D:8)
  Harold (D:8)
  4 two-headed ogres
  Pikel (D:6)
  An orc knight (D:11)
  An orc sorcerer (D:11)
  An unseen horror (D:11)
  A komodo dragon (D:10)
  A kobold demonologist (D:6)
  2 trolls
  A hornet (D:10)
  2 shadows (D:11)
  A wyvern (D:9)
  12 yaks (D:10)
  Eustachio (D:5)
  3 steam dragons
  Menkaure (Ossuary)
  2 wargs (D:11)
  An acid dragon (D:11)
  2 water moccasins
  5 orc warriors
  An ice beast (D:6)
  A sky beast (D:6)
  2 necrophages (D:6)
  An ogre (D:6)
  4 centaurs
  2 phantoms
  2 bullfrogs
  A wyvern zombie (D:8)
  2 killer bees (D:9)
  7 wights
  A howler monkey (D:5)
  A centaur zombie (D:6)
  3 hounds
  2 jellies
  5 orc priests
  2 bullfrog skeletons
  A centaur skeleton (D:4)
  Jessica (D:2)
  4 iguanas
  An orc wizard (D:5)
  A wolf simulacrum (IceCv)
  A hound zombie (D:5)
  A hound skeleton (D:4)
  3 mummies (Ossuary)
  3 adders
  An adder skeleton (D:4)
  A worm (D:4)
  2 dart slugs
  22 orcs
  3 bats
  9 endoplasms
  4 giant cockroaches
  3 gnoll zombies (Ossuary)
  13 hobgoblins
  4 jackals (D:1)
  A quokka (D:3)
  7 ball pythons
  2 frilled lizards (D:1)
  6 gnoll skeletons (Ossuary)
  7 goblins
  3 goblin skeletons (Ossuary)
  3 goblin zombies (Ossuary)
  2 hobgoblin skeletons (Ossuary)
  6 hobgoblin zombies (Ossuary)
  10 kobolds
  5 kobold skeletons (Ossuary)
  3 kobold zombies (Ossuary)
  5 orc skeletons (Ossuary)
  8 orc zombies (Ossuary)
  6 rats
  4 rat skeletons (Ossuary)
  2 rat zombies (Ossuary)
240 creatures vanquished.

Vanquished Creatures (collateral kills)
  2 yaks (D:10)
  A steam dragon (D:7)
  2 ice beasts (D:7)
  2 ogres
  A kobold brigand (D:6)
  4 killer bees (D:9)
  A wight (D:9)
  A centaur zombie (D:8)
  An orc priest (D:7)
  A centaur skeleton (D:6)
  An orc wizard (D:8)
  2 orcs
  A goblin (D:7)
  A kobold (D:7)
21 creatures vanquished.

Vanquished Creatures (others)
  A sky beast (D:6)
  10 hexers
11 creatures vanquished.

Grand Total: 272 creatures vanquished

Notes
Turn   | Place    | Note
-------+----------+-------------------------------------------
     0 | D:1      | iwittbrodt the Minotaur Fighter began the quest for the
                  | Orb.
     0 | D:1      | Reached XP level 1. HP: 19/19 MP: 0/0
   214 | D:1      | Reached XP level 2. HP: 27/27 MP: 1/1
   692 | D:1      | Reached XP level 3. HP: 31/33 MP: 2/2
   695 | D:1      | Learned a level 2 spell: Blink
  1069 | D:2      | Reached skill level 3 in Long Blades
  1233 | D:2      | Noticed Jessica
  1650 | D:2      | Killed Jessica
  1651 | D:2      | Reached XP level 4. HP: 39/41 MP: 3/3
  2048 | D:2      | Found a faded altar of an unknown god.
  2095 | D:3      | Noticed a phantom
  2245 | D:3      | Reached skill level 1 in Throwing
  2778 | D:3      | Killed a phantom
  2779 | D:3      | Reached skill level 5 in Fighting
  2779 | D:3      | Reached XP level 5. HP: 31/48 MP: 4/4
  3367 | D:4      | Noticed a phantom
  3387 | D:4      | Killed a phantom
  3388 | D:4      | Reached skill level 4 in Long Blades
  3388 | D:4      | Reached XP level 6. HP: 28/57 MP: 5/5
  3511 | D:4      | Found a sand-covered staircase.
  3524 | Ossuary  | Entered an ossuary
  3855 | Ossuary  | Reached skill level 5 in Shields
  3914 | Ossuary  | Noticed Menkaure
  4227 | Ossuary  | Killed Menkaure
  4542 | D:4      | Found a stormy altar of Qazlal.
  4642 | D:4      | Reached XP level 7. HP: 62/64 MP: 6/6
  4957 | D:5      | Entered Level 5 of the Dungeon
  5013 | D:5      | Found a staircase to the Ecumenical Temple.
  5051 | Temple   | Entered the Ecumenical Temple
  5382 | Temple   | Became a worshipper of Hepliaklqana the Forgotten
  5552 | D:5      | Reached skill level 5 in Long Blades
  5624 | D:5      | Noticed Eustachio
  5654 | D:5      | Killed Eustachio
  5957 | D:6      | Noticed a kobold demonologist
  5957 | D:6      | Found a transporter.
  5962 | D:6      | Killed a kobold demonologist
  5963 | D:6      | Reached XP level 8. HP: 74/74 MP: 7/7
  6257 | D:6      | Reached skill level 6 in Long Blades
  6697 | D:6      | Reached skill level 7 in Long Blades
  6727 | D:6      | Noticed Herculon's ghost (novice DrTm)
  6757 | D:6      | Found a transporter.
  6822 | D:6      | Reached skill level 5 in Armour
  6856 | D:6      | Noticed a two-headed ogre
  6862 | D:6      | Killed a two-headed ogre
  6863 | D:6      | Reached skill level 8 in Long Blades
  6863 | D:6      | Reached XP level 9. HP: 57/83 MP: 8/8
  6990 | D:6      | Reached * piety under Hepliaklqana
  7648 | D:6      | Reached skill level 9 in Long Blades
  7987 | D:7      | Identified a scroll of acquirement
  7987 | D:7      | Acquired a manual of Throwing
  8255 | D:7      | Noticed Pikel
  8275 | D:6      | Killed Pikel
  8276 | D:6      | Reached skill level 10 in Fighting
  8276 | D:6      | Reached XP level 10. HP: 51/83 MP: 9/9
  8770 | D:7      | Reached skill level 5 in Throwing
  9154 | D:7      | Found a bloodstained altar of Trog.
  9924 | D:8      | Reached skill level 10 in Long Blades
 10295 | D:8      | Reached ** piety under Hepliaklqana
 10299 | D:8      | Remembered your ancestor Mocky as a hexer
 10342 | D:8      | Noticed Gastronok
 10374 | D:8      | Killed Gastronok
 10712 | D:8      | Found Vaifet's Assorted Antiques.
 10718 | D:8      | Bought a faintly humming chain mail for 285 gold pieces
 10718 | D:8      | Identified the +1 chain mail of Grot {+Inv Int+3} (You
                  | bought it in a shop on level 8 of the Dungeon)
 10733 | D:8      | Noticed a two-headed ogre
 10746 | D:8      | Killed a two-headed ogre
 10747 | D:8      | Reached skill level 11 in Long Blades
 10877 | D:8      | Noticed Harold
 10890 | D:8      | Killed Harold
 10990 | D:8      | Found a sparkling altar of Nemelex Xobeh.
 10992 | D:8      | Found a white marble altar of Elyvilon.
 11552 | D:9      | Reached XP level 11. HP: 90/90 MP: 10/10
 11645 | D:9      | Noticed a two-headed ogre
 11656 | D:9      | Killed a two-headed ogre
 11879 | D:9      | Found a staircase to the Lair.
 11957 | D:8      | Bought an ivory great sword for 345 gold pieces
 11957 | D:8      | Identified the +3 great sword of the Lair of Beasts
                  | {vorpal, Will+ SInv} (You bought it in a shop on level 8 of
                  | the Dungeon)
 12078 | D:9      | Reached *** piety under Hepliaklqana
 12085 | D:9      | Noticed a two-headed ogre
 12095 | D:9      | Killed a two-headed ogre
 12096 | D:9      | Reached skill level 12 in Long Blades
 12654 | D:10     | Entered Level 10 of the Dungeon
 13330 | D:10     | Reached **** piety under Hepliaklqana
 13994 | D:11     | Noticed an orc sorcerer
 13995 | D:11     | Noticed an orc knight
 14160 | D:11     | Reached skill level 13 in Long Blades
 14402 | D:11     | Killed an orc sorcerer
 14404 | D:11     | Killed an orc knight
 14505 | D:11     | Found a frozen archway.
 14536 | IceCv    | Entered an ice cave
 14538 | IceCv    | Found a transporter.
 14542 | IceCv    | HP: 1/93 [polar bear simulacrum (13)]
 14547 | IceCv    | Slain by a polar bear simulacrum

Illustrated notes

Levels and vault maps discovered:
D:1:      dpeg_arrival_leaves_temple_mockup, layout_basic
D:2:      layout_loops_ring, hellmonk_ecumenical_altar_defaced_shrine,
          uniq_jessica
D:3:      layout_loops_corners
D:4:      layout_basic, nicolae_qazlal_general_emergency,
          nicolae_ossuary_entry_false_entrances
D:5:      layout_rooms, minmay_temple_entry_hall, uniq_eustachio
D:6:      layout_gridville, gammafunk_ghost_mausoleum, hex_tiny,
          minmay_increasing_density
D:7:      layout_layer_cave, trog_hazing_becter, uniq_pikel
D:8:      layout_loops_corners, chequers_temple_overflow_statue_of_worship,
          serial_shops, shop, roderic_lattice_a, uniq_harold, uniq_gastronok
D:9:      layout_stronghold, lair_entry_dummy
D:10:     layout_roguey, grunt_ministairs_12
D:11:     layout_loops_cross, portal_ice_cave_entry_pillars_1
Temple:   dpeg_five_rooms_temple
IceCv:    ice_cave_statue_garden_transporter

Skill      XL: |  1  2  3  4  5  6  7  8  9 10 11 |
---------------+----------------------------------+-----
Fighting       | 4 5 6 8 9 10 11 | 11.8
Shields        | 4 5 6 7 8 9 |  9.8
Long Blades    | 3 4 5 8 9 11 13 | 13.2
Throwing       | 1 2 3 4 7 9 |  9.4
Armour         | 5 6 8 9 |  9.6

Action                   |  1- 3 |  4- 6 |  7- 9 | 10-12 || total
-------------------------+-------+-------+-------+-------++-------
Melee: Long sword        |    61 |   168 |   149 |    75 ||   453
       Headbutt          |    10 |    32 |    43 |    37 ||   122
       Great sword       |       |       |       |    80 ||    80
 Fire: Hunting sling     |       |       |       |     2 ||     2
Throw: Stone             |       |    17 |       |    13 ||    30
       Boomerang         |       |    19 |    28 |     7 ||    54
       Dart              |       |     5 |       |    39 ||    44
       Javelin           |       |       |       |    16 ||    16
Invok: Ancestor Identity |       |       |     1 |       ||     1
       Ancestor Life: He |       |       |       |     1 ||     1
Evoke: Wand              |       |       |    14 |     5 ||    19
  Use: Scroll            |       |    11 |     7 |     5 ||    23
       Potion            |       |     2 |       |     1 ||     3
 Stab: Confused          |       |       |       |     2 ||     2
       Distracted        |       |       |       |     1 ||     1
Armor: Scale mail        |    26 |    54 |    43 |    19 ||   142
       Chain mail        |       |       |       |    54 ||    54
Dodge: Dodged            |    20 |    41 |    58 |    81 ||   200
Block: Kite shield       |    26 |    65 |    96 |    62 ||   249
       Rpst.: Long sword |     4 |     8 |    10 |     5 ||    27
       Great sword       |       |       |       |    16 ||    16
